 Dungeon Crawl Stone Soup version 0.24.0-1-gfbc8707 (webtiles) character file.

Game seed: 13488744790676055830, levelgen mode: deterministic

1891881 TheDoctor the Axe Maniac (level 27, 218/218 HPs)
             Began as a Minotaur Berserker on Nov 1, 2019.
             Was the Champion of Trog.
             Escaped with the Orb
             ... and 3 runes!
             The game lasted 02:16:33 (56766 turns).

TheDoctor the Axe Maniac (Minotaur Berserker)      Turns: 56766, Time: 02:16:34

Health: 218/218    AC: 46    Str: 45    XL:     27
Magic:  22/22      EV: 24    Int:  4    God:    Trog [******]
Gold:   4931       SH:  0    Dex: 14    Spells: 26/26 levels left

rFire    + + .     SeeInvis +   p - +7 executioner's axe of Duuthrobu {venom, rC+ Str+6 Dex+3 Stlth-}
rCold    + + +     Gourm    .   (shield currently unavailable)
rNeg     . . .     Faith    .   z - +12 gold dragon scales
rPois    +         Spirit   .   K - +2 hat {MR+}
rElec    +         Reflect  .   Q - scarf {rC+ rF+}
rCorr    .         Harm     .   a - +0 pair of gloves {Str+3}
MR       +++..                  H - +1 pair of boots
Stlth    ..........             W - amulet of regeneration
HPRegen  0.86/turn              J - ring of see invisible
MPRegen  0.18/turn              v - ring of Uniachiymev {rElec rPois Str+2 Stlth+}

@: no status effects
A: retaliatory headbutt, horns 2, blurry vision 1, frail 2
0: Orb of Zot
}: 3/15 runes: serpentine, barnacled, silver
a: Berserk, Trog's Hand, Brothers in Arms, Renounce Religion


You escaped.
You worshipped Trog.
Trog was exalted by your worship.
You were not hungry.

You visited 8 branches of the dungeon, and saw 46 of its levels.
You visited 1 bazaar.
You also visited: Desolation.

You collected 7118 gold pieces.
You spent 2187 gold pieces at shops.

Inventory:

Hand Weapons
 p - the +7 executioner's axe of Duuthrobu (weapon) {venom, rC+ Str+6 Dex+3 Stlth-}
   (Trog gifted it to you on level 3 of the Vaults)

   It poisons the flesh of those it strikes.
   It affects your strength (+6).
   It affects your dexterity (+3).
   It protects you from cold.
   It makes you less stealthy.
 N - a +9 executioner's axe of freezing
Missiles
 n - 12 throwing nets (quivered)
Armour
 a - a +0 pair of gloves of strength (worn)
 g - the +0 pair of gloves of the Last Stars {rPois rF+ rC- Dex+3}
   (You found it in the Desolation of Salt)

   It affects your dexterity (+3).
   It protects you from fire.
   It makes you vulnerable to cold.
   It protects you from poison.
 z - +12 gold dragon scales (worn)
 H - a +1 pair of boots (worn)
 K - a +2 hat of magic resistance (worn)
 Q - a scarf of resistance (worn)
Jewellery
 j - an uncursed ring of resist corrosion
 k - a +5 ring of intelligence {unknown}
 q - the ring "Gammoen" {+Fly Str+6}
   (You found it in the Desolation of Salt)

   [ring of flight]

   It affects your strength (+6).
   It lets you fly.
 v - the ring of Uniachiymev (right hand) {rElec rPois Str+2 Stlth+}
   (You found it in the Desolation of Salt)

   [ring of stealth]

   It affects your strength (+2).
   It insulates you from electricity.
   It protects you from poison.
   It makes you more stealthy.
 E - the ring "Zocwin" {*Corrode rN+ Str+4 Stlth+}
   (You found it on level 4 of the Depths)

   [ring of strength]

   It affects your strength (+4).
   It protects you from negative energy.
   It may corrode you when you take damage.
   It makes you more stealthy.
 F - the ring of Maves Xoto {rPois rN+ Int+4}
   (You took it off a deep elf demonologist on level 4 of the Vaults)

   [ring of positive energy]

   It affects your intelligence (+4).
   It protects you from poison.
   It protects you from negative energy.
 G - an uncursed ring of protection from fire
 J - a ring of see invisible (left hand)
 L - an uncursed ring of protection from cold
 U - an uncursed ring of positive energy
 W - an amulet of regeneration (around neck)
Wands
 w - a wand of iceblast (36)
 y - a wand of scattershot (11)
 B - a wand of digging (28)
 M - a wand of acid (25)
 P - a wand of clouds (4)
 Z - a wand of flame (35)
Scrolls
 e - 26 scrolls of remove curse
 i - 3 scrolls of silence
 m - 3 scrolls of magic mapping
 o - 22 scrolls of teleportation
 r - 8 scrolls of fear
 C - 4 scrolls of summoning
 I - 2 scrolls of enchant weapon
 O - 9 scrolls of blinking
 R - a scroll of brand weapon
 T - a scroll of enchant armour
 V - 11 scrolls of fog
 X - 8 scrolls of identify
Potions
 b - 5 potions of agility
 d - 2 potions of might
 f - 17 potions of curing
 h - 5 potions of haste
 l - 2 potions of heal wounds
 s - a potion of cancellation
 t - a potion of berserk rage {unknown}
 u - 3 potions of invisibility {unknown}
 x - 9 potions of lignification
 A - 2 potions of resistance
 D - 3 potions of mutation {unknown}
 S - 2 potions of magic {unknown}
 Y - a potion of flight
Comestibles
 c - 49 rations


   Skills:
 O Level 27 Fighting
 O Level 27 Axes
 O Level 27 Armour
 + Level 26.5 Dodging


You had 26 spell levels left.
You didn't know any spells.
Your spell library was empty.

Dungeon Overview and Level Annotations

Branches:
Dungeon (15/15)            Temple (0/1) D:4            Lair (6/6) D:8
 Shoals (4/4) Lair:2        Snake (4/4) Lair:3        Slime (0/5) Lair:5
    Orc (2/2) D:11            Elf (0/3) Orc:2        Vaults (5/5) D:13
  Crypt (0/3) Vaults:2     Depths (5/5) D:15            Zot (5/5) Depths:5
Desolation (visited)

Altars:
Ashenzari
Cheibriados
Elyvilon
Gozag
Hepliaklqana
Okawaru
Trog
Vehumet
Wu Jian
Xom
Yredelemnul
Beogh
Jiyva

Shops:
D:2 *   D:5 *?!:   D:14 *   Orc:2 [}}*   Shoals:2 *   Snake:2 =[[}   Snake:3 *
Vaults:1 ?   Vaults:3 ?([?   Depths:1 [   Depths:4 }   Depths:5 }}[(}

Portals:
Hell: Depths:1 Depths:2 Depths:3 Depths:4 Depths:5
Abyss: Depths:4
Pandemonium: Depths:1 Depths:3 Depths:4 Depths:5
Ziggurat: Depths:3

Annotations:
D:10 exclusion: orange crystal statue
Vaults:2 8 runed translucent doors, Yjimoseergh's ghost, adept SpFE
Depths:1 1 runed translucent door, WeeknightWizard's ghost, veteran DEFE
Depths:2 exclusion: obsidian statue
Depths:3 2 transporters, exclusion: ice statue
Zot:2 3 runed translucent doors, Hicanoach's ghost, master DsGl; Netemen's ghost, master GnFi; stpyramids's ghost, legendary DDFi
Zot:4 1 transporter


Innate Abilities, Weirdness & Mutations

You reflexively headbutt those who attack you in melee.
You have a pair of horns on your head.
Scrolls take you a little longer to read.
You are very frail. (-20% HP)


Message History

You see here 28 stones.
You feel yourself slow down.
There is an escape hatch in the ceiling here.
A mysterious force pulls you upwards. The hatch slams shut behind you.
You feel yourself speed up.
There is an open door here.
You open the door.
There is an open door here. 2 infernal demonspawn come into view.
An infernal demonspawn is wielding a +2 demon whip of electrocution.
The infernal demonspawn moves out of view.
Things that are here:
a stone; a +0 short sword
There is a stone staircase leading up here.
Your extra speed is starting to run out.
You climb upwards.
There is a stone staircase leading down here.
You feel yourself slow down.
There is a staircase leading out of the dungeon here.
You have escaped!

##### ### ##.@.##
#########.####.....##
.......[....#.#8≈8#.#
###.........#.#≈≈≈#.#
###.####....#.#8≈8#.#
.##.# ##.#.#.#≈≈≈#.#
.##.#######.#.#8≈8#.#
.#........#.##.....##
............####.###


There were no monsters in sight!

Vanquished Creatures
  3 orbs of fire
  The ghost of strangelove the Metallomancer, a master GrEE of Vehumet (Depths:1)
  8 ancient liches (Zot:5)
  2 juggernauts (Depths:5)
  7 Killer Klowns
  Frederick (Depths:3)
  A curse toe (Zot:2)
  Saint Roka (Snake:2)
  Nikola (Vaults:2)
  15 golden dragons
  7 caustic shrikes (Depths:4)
  3 bone dragons
  4 electric golems
  A Brimstone Fiend (D:5)
  An Ice Fiend (Depths:2)
  18 tentacled monstrosities
  A lich (Vaults:5)
  28 Orb Guardians
  3 quicksilver dragons
  4 titans
  Gastronok (Lair:1)
  4 sphinxes
  14 death cobs
  An Executioner (Zot:5)
  The ghost of frimble the Victor of a Thousand Battles, an adept DsGl of Okawaru (Depths:1)
  11 shadow dragons
  10 tengu reavers
  Kirke (D:13)
  12 storm dragons
  Ilsuiw (Shoals:4)
  5 draconian monks
  10 fire giants
  12 nagarajas
  6 draconian scorchers
  4 iron dragons
  2 imperial myrmidons (Desolation)
  14 frost giants
  An orc warlord (Orc:2)
  A ghost moth (Zot:1)
  6 draconian annihilators
  Louise (Shoals:4)
  18 vault wardens
  7 draconian knights
  Aizul (Snake:1)
  6 draconian shifters
  3 draconian stormcallers
  11 ironheart preservers
  18 stone giants
  4 war gargoyles
  3 spriggan defenders (Depths:5)
  5 very ugly things
  2 vampire knights
  3 deep elf demonologists (Vaults:4)
  12 green draconians
  18 black draconians
  11 purple draconians
  Nessos (D:13)
  13 yellow draconians
  A dire elephant (shapeshifter) (Vaults:5)
  16 red draconians
  2 deep elf annihilators
  2 lorocyprocas
  11 white draconians
  2 halazid warlocks (Desolation)
  The ghost of Siddir the Blocker, a journeyman MiBe of Trog (Snake:2)
  2 deep elf death magi (Vaults:5)
  10 merfolk impalers (Shoals:4)
  A crystal guardian (Desolation)
  An eidolon (Vaults:2)
  8 merfolk javelineers (Shoals:4)
  9 fire dragons
  10 ettins
  9 ogre magi
  9 ragged hierophants (Desolation)
  4 deep elf high priests
  9 servants of whispers (Desolation)
  19 yaktaur captains
  10 great orbs of eyes
  Erolcha (D:13)
  3 spriggan air magi
  3 ice dragons
  6 rakshasas
  9 hydras
  2 peacekeepers (Desolation)
  5 centaur warriors
  32 vault guards
  12 naga warriors
  2 alligator snapping turtles (Shoals:4)
  10 anacondas
  5 death knights
  Erica (Lair:1)
  40 two-headed ogres
  2 satyrs (Shoals:4)
  An anaconda (shapeshifter) (D:15)
  2 merfolk aquamancers (Shoals:4)
  A catoblepas (Lair:6)
  7 deep troll shamans
  3 death yaks (Lair:5)
  Urug (D:13)
  12 deep troll earth magi
  A dancing weapon (Vaults:4)
  2 orc high priests (Orc:2)
  A storm dragon zombie (Vaults:4)
  7 tengu warriors
  3 shock serpents
  9 hell knights
  3 spriggan berserkers
  11 naga sharpshooters
  Sonja (D:13)
  A vampire mage (Depths:3)
  7 deep elf knights
  2 fire crabs (Shoals:2)
  2 soul eaters (Depths:2)
  2 salamander mystics
  2 iron trolls
  3 skeletal warriors (Vaults:2)
  3 glowing orange brains
  2 shadow wraiths
  A flayed ghost (Depths:4)
  7 naga ritualists
  A shadow demon (Depths:2)
  6 sea snakes
  7 unseen horrors
  A spark wasp zombie (Depths:1)
  A torturous demonspawn (Depths:4)
  5 deep elf archers
  A lindwurm (shapeshifter) (D:15)
  29 deep trolls
  4 wizards
  6 phantasmal warriors
  A swamp dragon (shapeshifter) (D:13)
  27 ironbrand convokers
  10 necromancers
  16 orc knights
  5 mana vipers
  A stone giant zombie (Depths:2)
  A sphinx skeleton (Depths:2)
  13 harpies
  A tengu skeleton (Depths:1)
  4 orc sorcerers
  16 deep elf magi
  4 wolf spiders
  52 ugly things
  8 fauns (Shoals:4)
  A wolf spider zombie (D:15)
  14 moths of wrath
  2 salamanders (shapeshifter)
  8 manticores
  7 cyclopes
  9 salamanders
  A stone giant skeleton (Depths:1)
  2 cyclopes (shapeshifter)
  A fire giant skeleton (Depths:2)
  36 black mambas
  3 merfolk sirens
  7 elephants
  A guardian serpent (shapeshifter) (Depths:1)
  Maurice (D:13)
  A black mamba (shapeshifter) (Depths:2)
  2 rust devils
  2 large abominations (Zot:5)
  37 naga magi
  A spiny frog (shapeshifter) (Depths:1)
  2 orange demons (Depths:2)
  9 guardian serpents
  19 vault sentinels
  4 water nymphs
  A gargoyle (D:14)
  A storm dragon simulacrum (Vaults:4)
  A smoke demon (Depths:5)
  An eye of devastation (shapeshifter) (D:15)
  7 spiny frogs
  4 centaur skeletons
  5 komodo dragons
  2 komodo dragons (shapeshifter)
  4 efreet
  54 yaktaurs
  2 hellwings
  3 kobold demonologists
  9 freezing wraiths
  A rime drake (Lair:2)
  An ice devil (Depths:4)
  17 trolls
  3 red devils (Depths:2)
  7 tengu conjurers
  23 merfolk
  2 polar bears (shapeshifter) (Vaults:5)
  4 polar bears (Lair:6)
  A jumping spider (shapeshifter) (Vaults:3)
  A queen bee (shapeshifter) (Vaults:3)
  A wind drake (Shoals:4)
  14 hornets
  63 saltlings (Desolation)
  Prince Ribbit (D:5)
  6 hippogriffs
  A tengu simulacrum (Depths:2)
  An iron dragon simulacrum (Depths:1)
  8 snapping turtles
  16 dream sheep
  A blink frog (shapeshifter) (Vaults:1)
  An ettin zombie (Vaults:4)
  2 hippogriffs (shapeshifter)
  15 blink frogs
  21 slime creatures
  3 spectral black mambas (Snake:2)
  A stone giant simulacrum (Vaults:1)
  A flying skull (Vaults:2)
  A shadow (D:15)
  9 water elementals
  4 wyverns
  25 spriggans
  40 yaks
  A fire bat (Shoals:2)
  A tarantella (shapeshifter) (Vaults:2)
  8 wraiths
  A wyvern (shapeshifter) (Vaults:4)
  A human (shapeshifter) (Vaults:3)
  3 hogs (D:13)
  16 humans (D:13)
  A basilisk (Lair:6)
  A neqoxec (Depths:4)
  3 hungry ghosts
  7 vampire mosquitoes
  2 yaktaur simulacra
  37 nagas
  8 wargs
  A soldier ant (shapeshifter) (Depths:2)
  2 acid dragons
  A floating eye (Depths:3)
  9 water moccasins
  6 porcupines
  A swamp drake (shapeshifter) (D:13)
  48 orc warriors
  A meliai simulacrum (D:15)
  3 ice beasts
  4 black bears
  A hornet zombie (D:15)
  3 ettin simulacra (Depths:2)
  2 sky beasts
  A black mamba simulacrum (Snake:2)
  19 boggarts
  4 phantoms
  49 ogres
  35 wolves
  21 centaurs
  10 crocodiles
  Blork the orc (D:5)
  2 big kobolds
  20 bullfrogs
  A water moccasin zombie (D:8)
  A water moccasin skeleton (D:8)
  A wyvern skeleton (D:13)
  6 scorpions
  5 killer bees (D:7)
  2 naga simulacra (Snake:2)
  An orc simulacrum (Vaults:1)
  14 wights
  3 spectral nagas (Snake:2)
  11 howler monkeys
  18 crimson imps
  2 lava snakes (D:10)
  5 centaur zombies
  8 hounds
  A quasit (D:13)
  2 bullfrog zombies
  22 orc priests
  2 bullfrog skeletons
  2 jellies
  18 orc wizards
  4 iron imps
  An iguana (D:11)
  6 worker ants
  A hound skeleton (D:8)
  A worker ant zombie (D:6)
  6 gnolls
  12 adders
  A howler monkey skeleton (D:3)
  2 shadow imps
  A white imp (Depths:2)
  An adder skeleton (D:4)
  2 dart slugs
  6 leopard geckos
  134 orcs
  5 giant cockroaches
  2 goblins
  2 hobgoblins
  3 jackals (D:9)
  7 quokkas
  8 ball pythons
  5 bats
  2 frilled lizards (D:2)
  19 kobolds
  2 quokka skeletons
  6 rats
  4 crawling corpses
  4 fungi
  3 plants (Lair:6)
2218 creatures vanquished.

Vanquished Creatures (collateral kills)
  A salamander mystic (Snake:2)
  An orc knight (D:13)
  A naga (Snake:2)
  A centaur (D:13)
4 creatures vanquished.

Vanquished Creatures (others)
  A vault guard (Vaults:5)
  An unseen horror (D:13)
  A deep troll (Depths:3)
  A yaktaur (Vaults:5)
  A spriggan simulacrum (Depths:2)
  A boggart (Vaults:1)
  An ogre (Depths:3)
  An orc (D:12)
  10 fungi
  11 plants
  2 withered plants (Zot:2)
31 creatures vanquished.

Grand Total: 2253 creatures vanquished

Notes
Turn   | Place    | Note
-------+----------+-------------------------------------------
     0 | D:1      | TheDoctor the Minotaur Berserker began the quest for the
                  | Orb.
     0 | D:1      | Reached XP level 1. HP: 19/19 MP: 0/0
   337 | D:1      | Reached XP level 2. HP: 22/27 MP: 1/1
   748 | D:2      | Reached XP level 3. HP: 24/33 MP: 2/2
   941 | D:2      | Found a faded altar of an unknown god.
   987 | D:2      | Reached ** piety under Trog
   993 | D:2      | Reached XP level 4. HP: 35/40 MP: 3/3
  1161 | D:2      | Found Gozag's Platinum Reserve.
  1166 | D:2      | Reached skill level 5 in Axes
  1169 | D:2      | Found an opulent altar of Gozag.
  1727 | D:3      | Reached XP level 5. HP: 31/47 MP: 4/4
  2883 | D:4      | Reached skill level 5 in Fighting
  3027 | D:4      | Found a staircase to the Ecumenical Temple.
  3319 | D:5      | Entered Level 5 of the Dungeon
  3452 | D:5      | Found Jevez's Book Shop.
  3454 | D:5      | Noticed an ogre
  3460 | D:5      | Found Aplun's Magic Scroll Shop.
  3465 | D:5      | Found Xeleempif's Distillery.
  3465 | D:5      | Found Daecw's Assorted Antiques.
  3478 | D:5      | Killed an ogre
  3478 | D:5      | Reached XP level 6. HP: 41/56 MP: 5/5
  3566 | D:5      | Noticed Blork the orc
  3580 | D:5      | Killed Blork the orc
  3700 | D:5      | Bought a scroll of identify for 26 gold pieces
  3700 | D:5      | Bought a scroll of noise for 13 gold pieces
  3700 | D:5      | Bought a scroll of teleportation for 39 gold pieces
  3709 | D:5      | Noticed Prince Ribbit
  3734 | D:5      | Killed Prince Ribbit
  3734 | D:5      | Reached skill level 5 in Armour
  3734 | D:5      | Reached XP level 7. HP: 49/62 MP: 6/6
  3739 | D:5      | Bought a potion of curing for 39 gold pieces
  3739 | D:5      | Bought a potion of degeneration for 13 gold pieces
  4342 | D:6      | Reached *** piety under Trog
  4558 | D:6      | Reached XP level 8. HP: 71/71 MP: 7/7
  4787 | D:6      | Found a shimmering altar of Xom.
  5331 | D:7      | Reached **** piety under Trog
  5347 | D:7      | Reached skill level 10 in Axes
  5706 | D:7      | Reached XP level 9. HP: 46/81 MP: 5/8
  5980 | D:7      | Found an iron altar of Okawaru.
  5980 | D:7      | Found a basalt altar of Yredelemnul.
  6043 | D:7      | Found a shattered altar of Ashenzari.
  6043 | D:7      | Found a hazy altar of Hepliaklqana.
  6043 | D:7      | Found a white marble altar of Elyvilon.
  6592 | D:8      | Noticed a two-headed ogre
  6598 | D:8      | Killed a two-headed ogre
  7063 | D:8      | Noticed a centaur warrior
  7064 | D:8      | Noticed a two-headed ogre
  7066 | D:8      | Reached ***** piety under Trog
  7072 | D:8      | Reached XP level 10. HP: 91/91 MP: 9/9
  7077 | D:8      | Killed a two-headed ogre
  7084 | D:8      | Killed a centaur warrior
  7084 | D:8      | Reached skill level 10 in Fighting
  7268 | D:8      | Found an ornate altar of the Wu Jian Council.
  7393 | D:8      | Reached skill level 10 in Armour
  7516 | D:8      | Found a staircase to the Lair.
  7599 | D:8      | Found a bloodstained altar of Trog.
  7970 | Lair:1   | Entered Level 1 of the Lair of Beasts
  7970 | Lair:1   | Noticed Erica
  7976 | Lair:1   | Killed Erica
  8144 | Lair:1   | Received a gift from Trog
  8343 | Lair:1   | Reached XP level 11. HP: 99/101 MP: 3/10
  8365 | Lair:1   | Noticed Gastronok
  8377 | Lair:1   | Killed Gastronok
  8770 | Lair:2   | Noticed a five-headed hydra
  8779 | Lair:2   | Killed a five-headed hydra
  8917 | Lair:2   | Reached skill level 15 in Axes
  9119 | Lair:2   | Found a staircase to the Shoals.
  9897 | Lair:3   | Reached XP level 12. HP: 63/112 MP: 2/11
 10115 | Lair:3   | Noticed a four-headed hydra
 10124 | Lair:3   | Killed a four-headed hydra
 10273 | Lair:3   | Found a staircase to the Snake Pit.
 10308 | Lair:3   | Noticed a six-headed hydra
 10320 | Lair:3   | Killed a six-headed hydra
 11913 | Lair:5   | Noticed a death yak
 11913 | Lair:5   | Noticed a death yak
 11928 | Lair:5   | Noticed a death yak
 11935 | Lair:5   | Killed a death yak
 11948 | Lair:5   | Killed a death yak
 11953 | Lair:5   | Killed a death yak
 12715 | Lair:5   | Found a viscous altar of Jiyva.
 12716 | Lair:5   | Found a staircase to the Slime Pits.
 12872 | Lair:6   | Entered Level 6 of the Lair of Beasts
 12947 | Lair:6   | Noticed a catoblepas
 12947 | Lair:6   | Noticed a four-headed hydra
 12969 | Lair:5   | Reached XP level 13. HP: 92/122 MP: 4/12
 13644 | Lair:6   | Received a gift from Trog
 13645 | Lair:6   | Got an encrusted executioner's axe {god gift}
 13646 | Lair:6   | Identified the +2 executioner's axe of the Shrike {drain,
                  | rN+} (Trog gifted it to you on level 6 of the Lair of
                  | Beasts)
 15441 | D:9      | Received a gift from Trog
 15768 | D:9      | Found a snail-covered altar of Cheibriados.
 15773 | D:9      | Reached ****** piety under Trog
 16066 | D:10     | Entered Level 10 of the Dungeon
 17016 | D:11     | Received a gift from Trog
 17016 | D:11     | Reached XP level 14. HP: 133/133 MP: 13/13
 17115 | D:11     | Found a staircase to the Orcish Mines.
 18015 | D:12     | Identified 2 scrolls of acquirement
 18072 | D:13     | Found a gate to the Vaults.
 18072 | D:13     | Noticed Nessos
 18082 | D:13     | Reached skill level 15 in Fighting
 18089 | D:13     | Killed Nessos
 18103 | D:13     | Noticed Urug
 18195 | D:13     | Killed Urug
 18262 | D:13     | Found a runed translucent door.
 18266 | D:13     | Noticed a frost giant
 18297 | D:13     | Killed a frost giant
 18297 | D:13     | Reached skill level 15 in Armour
 18405 | D:13     | Noticed a sphinx
 18408 | D:13     | Noticed a fire giant
 18410 | D:13     | Killed a sphinx
 18420 | D:13     | Killed a fire giant
 18660 | D:13     | Got a slimy glaive
 18762 | D:13     | Found a frozen archway.
 18770 | D:13     | Noticed Sonja
 18798 | D:13     | Received a gift from Trog
 18841 | D:13     | Noticed Maurice
 18851 | D:13     | Killed Maurice
 19270 | D:13     | Noticed Erolcha
 19279 | D:13     | Killed Erolcha
 19360 | D:13     | Reached XP level 15. HP: 143/143 MP: 14/14
 19456 | D:13     | Identified the cursed +1 glaive of the Crushed Dreams
                  | {chop, MR+} (You found it on level 13 of the Dungeon)
 19470 | D:13     | Killed Sonja
 19538 | D:13     | Noticed Kirke
 19543 | D:13     | Killed Kirke
 19805 | Orc:1    | Entered Level 1 of the Orcish Mines
 19809 | Orc:1    | Received a gift from Trog
 20077 | Orc:2    | Entered Level 2 of the Orcish Mines
 20077 | Orc:2    | Found a flickering gateway to a bazaar.
 20313 | Orc:2    | Paralysed by an ogre mage for 3 turns
 20348 | Orc:2    | Found a roughly hewn altar of Beogh.
 20470 | Orc:2    | Received a gift from Trog
 20619 | Bazaar   | Entered a bazaar
 20619 | Bazaar   | Found Soibuaxt's Book Shoppe.
 20619 | Bazaar   | Found Xyraajo's Antique Weapon Emporium.
 20798 | Orc:2    | Found a staircase to the Elven Halls.
 20811 | Orc:2    | Found Giucsax's Gadget Boutique.
 20824 | Orc:2    | Found Faocw's Armour Shop.
 20831 | Orc:2    | Found Torarghoy's Assorted Antiques.
 20842 | Orc:2    | Found Izauguod's Gadget Boutique.
 21120 | Orc:2    | Noticed an orc warlord
 21144 | Orc:2    | Killed an orc warlord
 21476 | Orc:2    | Bought a scroll of blinking for 285 gold pieces
 21476 | Orc:2    | Bought a scroll of enchant armour for 285 gold pieces
 21476 | Orc:2    | Bought a pair of glowing gloves for 285 gold pieces
 21519 | Orc:1    | Received a gift from Trog
 22405 | D:14     | Found Sehedep's Island Escapes.
 22809 | D:14     | Bought a scroll of blinking for 127 gold pieces
 22809 | D:14     | Bought 2 potions of haste for 340 gold pieces
 22834 | D:15     | Entered Level 15 of the Dungeon
 22939 | D:15     | Received a gift from Trog
 22966 | D:15     | Reached XP level 16. HP: 78/154 MP: 10/15
 23370 | D:15     | Found an ornate altar of the Wu Jian Council.
 23805 | D:15     | Found a staircase to the Depths.
 24127 | Snake:1  | Entered Level 1 of the Snake Pit
 24795 | Snake:1  | Noticed Aizul
 24815 | Snake:1  | Killed Aizul
 25734 | Snake:2  | Noticed Saint Roka
 25746 | Snake:1  | HP: 3/156 [orc warrior/+0 long sword[Saint Roka] (12)]
 26172 | Snake:2  | Received a gift from Trog
 26202 | Snake:2  | Found Husheahi's Antique Armour Shop.
 26205 | Snake:2  | Found Ungaikla's Gadget Boutique.
 26205 | Snake:2  | Found Lumuc's Jewellery Shop.
 26226 | Snake:2  | Found Unainkel's Antique Armour Boutique.
 26257 | Snake:2  | Bought a pair of embroidered gloves for 195 gold pieces
 26279 | Snake:2  | Bought a pair of runed gloves for 270 gold pieces
 26279 | Snake:2  | Bought a pair of glowing boots for 270 gold pieces
 26545 | Snake:2  | Killed Saint Roka
 26723 | Snake:2  | Found a runed translucent gate.
 26931 | Snake:2  | Found a runed translucent gate.
 26932 | Snake:2  | Found a runed translucent gate.
 26994 | Snake:2  | Noticed Siddir's ghost (journeyman MiBe)
 27528 | Snake:2  | Killed Siddir's ghost
 27528 | Snake:2  | Reached XP level 17. HP: 163/163 MP: 16/16
 27591 | Snake:3  | Found Rarr's Retail Resort.
 28779 | Snake:4  | Entered Level 4 of the Snake Pit
 28856 | Snake:4  | Received a gift from Trog
 30808 | Snake:4  | Got a serpentine rune of Zot
 31406 | Shoals:1 | Entered Level 1 of the Shoals
 31543 | Shoals:1 | Received a gift from Trog
 31716 | Shoals:2 | Found Teuwodum's Mass Market.
 31832 | Shoals:4 | Entered Level 4 of the Shoals
 31868 | Shoals:4 | Noticed Louise
 32050 | Shoals:4 | Reached XP level 18. HP: 166/174 MP: 17/17
 32097 | Shoals:4 | Killed Louise
 32772 | Shoals:4 | Received a gift from Trog
 33154 | Shoals:4 | Noticed Ilsuiw
 33166 | Shoals:4 | Killed Ilsuiw
 33960 | Shoals:4 | Got a barnacled rune of Zot
 34234 | Vaults:1 | Entered Level 1 of the Vaults
 34272 | Vaults:1 | Received a gift from Trog
 34930 | Vaults:1 | Received a gift from Trog
 34994 | Vaults:1 | Reached XP level 19. HP: 184/184 MP: 18/18
 35577 | Vaults:1 | Found Keump's Magic Scroll Boutique.
 35774 | Vaults:2 | Found a staircase to the Crypt.
 35789 | Vaults:2 | Noticed Nikola
 35813 | Vaults:2 | Killed Nikola
 35851 | Vaults:2 | Received a gift from Trog
 36710 | Vaults:2 | Received a gift from Trog
 36755 | Vaults:2 | You fall into a shaft and drop 2 floors!
 36838 | Vaults:4 | Reached skill level 27 in Axes
 36981 | Vaults:4 | Got a transparent large shield
 37167 | Vaults:4 | Found a ruined gateway.
 37186 | Desolati | Entered the Desolation of Salt
 37294 | Desolati | Received a gift from Trog
 37328 | Desolati | Reached XP level 20. HP: 198/198 MP: 9/19
 37343 | Desolati | Identified the +2 scale mail of Dawn {rN+}
 37380 | Desolati | Found the +5 robe of Misfortune {*Contam Harm *Corrode
                  | *Drain *Slow EV+5}
 37413 | Desolati | Got a pair of twisted gloves
 37433 | Desolati | Identified the +0 pair of gloves of the Last Stars {rPois
                  | rF+ rC- Dex+3} (You found it in the Desolation of Salt)
 37541 | Desolati | Got a coiled jade ring
 37752 | Desolati | Received a gift from Trog
 37982 | Desolati | Got an ancient ivory ring
 38104 | Desolati | Identified the ring "Gammoen" {+Fly Str+6} (You found it in
                  | the Desolation of Salt)
 38108 | Desolati | Identified the ring of Uniachiymev {rElec rPois Str+2
                  | Stlth+} (You found it in the Desolation of Salt)
 38371 | Vaults:4 | Received a gift from Trog
 39039 | Vaults:4 | Received a gift from Trog
 39159 | Vaults:5 | Entered Level 5 of the Vaults
 39381 | Vaults:4 | Reached XP level 21. HP: 132/209 MP: 20/20
 39466 | Vaults:5 | Noticed a golden dragon
 39620 | Vaults:5 | Noticed a golden dragon
 39626 | Vaults:4 | Killed a golden dragon
 39630 | Vaults:4 | Received a gift from Trog
 39803 | Vaults:4 | Killed a golden dragon
 40897 | Vaults:5 | Received a gift from Trog
 41071 | Vaults:5 | Identified the ring "Ruvitidd" {rPois MP+9 Str+3 Int+4
                  | Dex+3}
 41076 | Vaults:5 | Identified the ring of Maves Xoto {rPois rN+ Int+4}
 41752 | Vaults:5 | Reached XP level 22. HP: 193/223 MP: 21/21
 42226 | Vaults:5 | Got a pair of twisted gloves
 42227 | Vaults:5 | Identified the cursed +0 pair of gloves of the Lily {*Slow
                  | rF++} (You found it on level 5 of the Vaults)
 42505 | Vaults:5 | Got a silver rune of Zot
 42752 | Vaults:3 | Received a gift from Trog
 42886 | Vaults:3 | Found Ofaseagh's Antique Armour Boutique.
 42895 | Vaults:3 | Found Viroamue's Magic Scroll Shoppe.
 42957 | Vaults:3 | Received a gift from Trog
 43354 | Vaults:3 | Received a gift from Trog
 43368 | Vaults:3 | Got a twisted executioner's axe {god gift}
 43369 | Vaults:3 | Identified the +7 executioner's axe of Duuthrobu {venom,
                  | rC+ Str+6 Dex+3 Stlth-} (Trog gifted it to you on level 3
                  | of the Vaults)
 43399 | Vaults:3 | Found Apreplao's Weapon Emporium.
 43859 | Vaults:3 | Found Fiyfoxay's Magic Scroll Emporium.
 43977 | Vaults:2 | Found a large runed translucent door.
 43977 | Vaults:2 | Found a large runed translucent door.
 43978 | Vaults:2 | Found a large runed translucent door.
 43978 | Vaults:2 | Found a large runed translucent door.
 43978 | Vaults:2 | Found a large runed translucent door.
 43978 | Vaults:2 | Found a large runed translucent door.
 43978 | Vaults:2 | Found a large runed translucent door.
 43978 | Vaults:2 | Found a large runed translucent door.
 43978 | Vaults:2 | Noticed Yjimoseergh's ghost (adept SpFE)
 44273 | Depths:1 | Entered Level 1 of the Depths
 44466 | Depths:1 | Found a runed translucent door.
 44467 | Depths:1 | Noticed frimble's ghost (adept DsGl)
 44481 | Depths:1 | Found a gateway to Hell.
 44505 | Depths:1 | Paralysed by a great orb of eyes for 6 turns
 44525 | Depths:1 | Found Itialaka's Antique Armour Shop.
 44729 | Depths:1 | Found a one-way gate leading to the halls of Pandemonium.
 44990 | Depths:1 | Found a runed translucent door.
 45009 | Depths:1 | Noticed strangelove's ghost (master GrEE)
 45012 | Depths:1 | Noticed a golden dragon
 45025 | Depths:1 | Killed frimble's ghost
 45110 | Depths:1 | Killed a golden dragon
 45114 | Depths:1 | Killed strangelove's ghost
 45159 | Depths:1 | Found a runed translucent door.
 45164 | Depths:1 | Noticed WeeknightWizard's ghost (veteran DEFE)
 45219 | Depths:2 | Received a gift from Trog
 45355 | Depths:2 | Found a magical portal.
 45802 | Depths:2 | Received a gift from Trog
 46147 | Depths:2 | Reached XP level 23. HP: 236/236 MP: 22/22
 46213 | Depths:3 | Noticed Frederick
 46220 | Depths:3 | Killed Frederick
 46760 | Depths:3 | Found a gateway to a ziggurat.
 46800 | Depths:3 | Paralysed by a floating eye for 4 turns
 46946 | Depths:3 | Found a corrupted altar of Lugonu.
 47109 | Depths:3 | Found a transporter.
 47111 | Depths:3 | Found a transporter.
 47332 | Depths:4 | Received a gift from Trog
 47644 | Depths:4 | Noticed a caustic shrike
 47644 | Depths:4 | Noticed a caustic shrike
 47644 | Depths:4 | Noticed a caustic shrike
 47650 | Depths:4 | Killed a caustic shrike
 47654 | Depths:4 | Killed a caustic shrike
 47657 | Depths:4 | Killed a caustic shrike
 47786 | Depths:4 | Noticed a caustic shrike
 47788 | Depths:4 | Noticed a caustic shrike
 47788 | Depths:4 | Noticed a caustic shrike
 47790 | Depths:4 | Noticed a caustic shrike
 47792 | Depths:4 | Found Afytzeb's Gadget Boutique.
 47799 | Depths:4 | Killed a caustic shrike
 47800 | Depths:4 | Killed a caustic shrike
 47807 | Depths:4 | Killed a caustic shrike
 47808 | Depths:4 | Killed a caustic shrike
 47988 | Depths:4 | Reached skill level 27 in Fighting
 47992 | Depths:4 | Noticed a juggernaut
 48004 | Depths:4 | Reached skill level 27 in Armour
 48221 | Depths:4 | Found a one-way gate to the infinite horrors of the Abyss.
 48513 | Depths:4 | Got a translucent turquoise ring
 48514 | Depths:4 | Identified the ring "Zocwin" {*Corrode rN+ Str+4 Stlth+}
                  | (You found it on level 4 of the Depths)
 48535 | Depths:5 | Entered Level 5 of the Depths
 48542 | Depths:5 | Received a gift from Trog
 48546 | Depths:5 | Noticed a juggernaut
 48559 | Depths:5 | Killed a juggernaut
 48559 | Depths:5 | Reached skill level 5 in Dodging
 48681 | Depths:5 | Found Rofaufy's Antique Weapon Emporium.
 48717 | Depths:5 | Noticed a juggernaut
 48729 | Depths:5 | Killed a juggernaut
 48729 | Depths:5 | Reached XP level 24. HP: 249/249 MP: 22/22
 48744 | Depths:5 | Found Idaer's Armour Boutique.
 48862 | Depths:5 | Found Yjom Tibb's Gadget Shoppe.
 48963 | Depths:5 | Reached skill level 10 in Dodging
 49154 | Depths:5 | Found a gate to the Realm of Zot.
 49452 | Depths:5 | Found Ytirr's Jewellery Emporium.
 49452 | Depths:5 | Found Ciofo's Gadget Shop.
 49464 | Depths:5 | Found Vipny's Gadget Shop.
 49894 | Zot:1    | Entered Level 1 of the Realm of Zot
 50007 | Zot:1    | Noticed a Killer Klown
 50020 | Zot:1    | Killed a Killer Klown
 50189 | Zot:1    | Noticed an orb of fire
 50198 | Zot:1    | Killed an orb of fire
 50198 | Zot:1    | Received a gift from Trog
 51148 | Zot:1    | Reached skill level 15 in Dodging
 51499 | Zot:2    | Reached XP level 25. HP: 195/257 MP: 22/22
 51509 | Zot:2    | Received a gift from Trog
 52583 | Zot:2    | Found a runed translucent gate.
 52583 | Zot:2    | Found a runed translucent gate.
 52583 | Zot:2    | Found a runed translucent gate.
 52583 | Zot:2    | Noticed stpyramids's ghost (legendary DDFi)
 52583 | Zot:2    | Noticed Netemen's ghost (master GnFi)
 52584 | Zot:2    | Noticed Hicanoach's ghost (master DsGl)
 53024 | Zot:3    | Received a gift from Trog
 53757 | Zot:4    | Noticed a Killer Klown
 53775 | Zot:4    | Killed a Killer Klown
 53959 | Zot:4    | Noticed an ancient lich
 54011 | Zot:4    | Noticed an orb of fire
 54012 | Zot:4    | Noticed an ancient lich
 54015 | Zot:4    | Found a transporter.
 54016 | Zot:4    | Found a radiant altar of Vehumet.
 54083 | Zot:4    | Reached XP level 26. HP: 233/266 MP: 22/22
 54637 | Zot:4    | Received a gift from Trog
 54708 | Zot:5    | Entered Level 5 of the Realm of Zot
 55151 | Zot:5    | Noticed an ancient lich
 55167 | Zot:5    | Killed an ancient lich
 55319 | Zot:5    | Noticed an ancient lich
 55326 | Zot:5    | Killed an ancient lich
 55352 | Zot:5    | Noticed an ancient lich
 55357 | Zot:5    | Killed an ancient lich
 55357 | Zot:5    | Noticed an orb of fire
 55364 | Zot:5    | Gained mutation: You are frail. (-10% HP) [an orb of fire]
 55368 | Zot:5    | Gained mutation: Scrolls take you a little longer to read.
                  | [an orb of fire]
 55369 | Zot:5    | Gained mutation: You are very frail. (-20% HP) [an orb of
                  | fire]
 55371 | Zot:5    | Killed an orb of fire
 55828 | Zot:5    | Noticed an orb of fire
 55829 | Zot:5    | Noticed an ancient lich
 55837 | Zot:5    | Noticed an ancient lich
 55841 | Zot:5    | Noticed an ancient lich
 55843 | Zot:5    | Killed an orb of fire
 55843 | Zot:5    | Reached XP level 27. HP: 148/218 MP: 22/22
 55850 | Zot:5    | Noticed an ancient lich
 55851 | Zot:5    | Killed an ancient lich
 55860 | Zot:5    | Killed an ancient lich
 55863 | Zot:5    | Noticed an ancient lich
 55866 | Zot:5    | Killed an ancient lich
 55891 | Zot:5    | Killed an ancient lich
 55903 | Zot:5    | Received a gift from Trog
 55920 | Zot:5    | Killed an ancient lich
 56048 | Zot:5    | Got the Orb of Zot
 56486 | D:8      | Noticed a seraph
 56766 | D:$      | Escaped with the Orb!

Levels and vault maps discovered:
D:1:      lightli_arrival_statue_moat, layout_loops_ring
D:2:      layout_loops_corners, nicolae_gozag_zags_fifth_avenue,
          chequers_ecumenical_altar_simple_redux
D:3:      layout_basic
D:4:      layout_gridville, minmay_temple_entry_large_hall, first_ration
D:5:      layout_cave_pods, minmay_shop_grid_forest, uniq_prince_ribbit1,
          uniq_blork_the_orc
D:6:      layout_basic, lemuel_coloured_pillars_altar
D:7:      layout_basic, gammafunk_temple_overflow_wave,
          gammafunk_temple_overflow_forgotten, grunt_ogre_cave,
          kennysheep_small_circle
D:8:      minmay_the_grid_square_5x5_3x3 [minmay_the_grid_square_5x5_detours,
          minmay_the_grid_square_5x5_two, minmay_the_grid_square_5x5_inset,
          minmay_the_grid_square_5x5_n,
          minmay_the_grid_square_5x5_megaprize_crossed,
          minmay_the_grid_square_5x5_spiral, minmay_the_grid_square_5x5_bridge,
          minmay_the_grid_square_5x5_shrine1,
          minmay_the_grid_square_5x5_percent], layout_loops_corners,
          lemuel_crystal_altar, grunt_lair_entry_orc_guard_hut
D:9:      layout_loops_ring, marbit_many_paths, hex_medium
D:10:     kennysheep_blocky_hall, layout_loops_ring, disabler_island
D:11:     layout_rooms, hiddenorc1_lemuel
D:12:     layout_rooms
D:13:     layout_irregular_city, david_vaults_3, serial_column_ruins,
          column_ruins_hut_pillars, column_ruins_open_tiny,
          column_ruins_corridor_straight, column_ruins_open_small_water,
          column_ruins_columns_straight, column_ruins_grid_4,
          portal_ice_cave_entry_pillars_2, minivault_13, uniq_maurice,
          uniq_erolcha, uniq_urug, uniq_kirke, uniq_sonja
D:14:     layout_basic, minmay_misc_feat_rows, nicolae_island_escapes
D:15:     gammafunk_enter_depths_forms, layout_basic, basic_altar, st_stairs_14,
          serial_bayou_pond_b
Lair:1:   layout_roguey, serial_bayou_shore_b, uniq_erica, uniq_gastronok
Lair:2:   layout_big_grid, elwin_shoals_entry_rocks, grunt_megastairs_1
Lair:3:   layout_layer_cave, dummy_snake_entry
Lair:4:   layout_small_grid
Lair:5:   layout_cave_pods, dpeg_slime_entry_enclosed_altar
Lair:6:   minmay_lair_end_enchanted_forest, layout_gridlike
Shoals:1: layout_shoals, yaktaur_hedge
Shoals:2: layout_shoals, minmay_shop_mass, hangedman_shoal_volcano
Shoals:3: layout_shoals, serial_shops, nicolae_shop_stone, uniq_polyphemus
Shoals:4: shoals_end_grunt_ice, layout_shoals, shoals_ilsuiw_ice, uniq_louise
Snake:1:  layout_onion, guppyfry_library_mini, uniq_aizul
Snake:2:  minmay_snake_river, layout_cave_shapes, gammafunk_ghost_necromancy,
          minmay_shoptagon, uniq_saint_roka
Snake:3:  nicolae_cobra_stairs, layout_rooms, hangedman_snake_pattern,
          nicolae_alphabet_shops
Snake:4:  snake_pit, layout_cave_pods
Orc:1:    layout_caves
Orc:2:    st_orc_open, layout_caves, serial_shops, bzr_entry_customers,
          basic_altar, elf_legates
Vaults:1: nicolae_vaults_network_square, vaults_room_stairs_pillars, v_misc_14,
          grunt_vaults_swirl, nicolae_vaults_network_quincunx
          [nicolae_vaults_network_quincunx_subvault,
          nicolae_vaults_network_quincunx_subvault,
          nicolae_vaults_network_quincunx_subvault,
          nicolae_vaults_network_quincunx_subvault,
          nicolae_vaults_network_quincunx_subvault],
          nicolae_vaults_windows_and_doors_thing, v_pattern_1, v_rooms_1,
          vaults_room_hallway, v_misc_25, v_misc_25, vaults_room_stairs_pillars,
          layout_vaults_omnibox, serial_shops, nicolae_shop_stone
Vaults:2: advil_vaults_ghost_lines, nicolae_vaults_quartermaster,
          dpeg_vaults_monster_box, vaults_room_semicircle,
          minmay_crypt_entry_simple_corners, hangedman_vaults_capsules,
          ontoclasm_vaults_twist, hangedman_vaults_stream,
          layout_vaults_omnigrid, uniq_nikola
Vaults:3: vaults_room_pool, v_misc_8, grunt_vaults_twisty,
          nicolae_vaults_mini_display_case, nicolae_vaults_theta,
          vaults_room_fours, v_alt_pattern_5, vaults_mumra_minichess_inversion,
          vaults_dpeg_spiral, v_misc_10, vaults_dpeg_diagonal, st_more_cells,
          v_misc_8, layout_vaults_omnicross, serial_shops, shop,
          nicolae_shop_temple_entry_statues_fountains, shop,
          nicolae_shop_window_shopping
Vaults:4: v_misc_22, v_misc_25, v_misc_29, v_pattern_5,
          nicolae_vaults_little_squares_6, nicolae_vaults_stairing_the_circle,
          v_misc_4, v_misc_18, ontoclasm_vaults_gallery, v_misc_22,
          ontoclasm_vaults_ligature, layout_vaults_maze_bifur,
          portal_desolation_entry_nicolae_slug
Vaults:5: serial_shops
Depths:1: layout_cave_pools, muffindrake_ghost_three_little_ghosts,
          serial_shops, kennysheep_mini_moat, rand_demon_pan_entry_7,
          hell_entry, minmay_fountain_box, kennysheep_generic_room_7
Depths:2: hangedman_elemental_death_ray, layout_long_grid,
          lightli_enter_wizlab_magi_temple, hangedman_decor_clover_reticule,
          grunt_hell_entry_demonic_statue
Depths:3: gammafunk_corrupted_shrine, layout_cave_pools, enter_ziggurat_a,
          pan_entry, serial_shops, statue_bzr, hell_entry, minmay_misc_feat_x,
          uniq_frederick
Depths:4: grunt_x_marks_the_spot, layout_cave_pools, abyss_entry,
          rand_demon_pan_entry_3, minmay_misc_feat_room, serial_shops, shop,
          pf_vacation_house_of_asmodeus
Depths:5: grunt_zot_entry_alcove, layout_long_grid, serial_shops, shop,
          nicolae_shop_waterfront, shop, pan_entry, serial_bayou_shore_b,
          hellmouth_1, minmay_shop_grove
Zot:1:    layout_cathedral_of_symmetry, hangedman_player_shredder
Zot:2:    layout_onion_interference, gammafunk_ghost_cemetery
Zot:3:    layout_twisted_circle
Zot:4:    gammafunk_sealed_library, layout_gridlike, grunt_ministairs_1
Zot:5:    layout_basic, nicolae_zot_crop_circle

Skill      XL: |  1  2  3  4  5  6  7  8  9 10 11 12 13 14 15 16 17 18 19 20 21 22 23 24 25 26 27 |
---------------+----------------------------------------------------------------------------------+-----
Axes           | 4 5 6 7 8 10 12 14 15 17 19 20 22 23 24 26 27 | 27.0
Fighting       | 4 5 6 8 9 10 12 13 14 15 16 17 18 19 21 22 24 25 27 | 27.0
Armour         | 3 4 5 6 7 9 10 11 13 14 15 16 17 18 19 20 22 24 25 27 | 27.0
Dodging        | 6 15 20 24 26 | 26.5

Action                   |  1- 3 |  4- 6 |  7- 9 | 10-12 | 13-15 | 16-18 | 19-21 | 22-24 | 25-27 || total
-------------------------+-------+-------+-------+-------+-------+-------+-------+-------+-------++-------
Melee: Hand axe          |    47 |   111 |   185 |       |       |       |       |       |       ||   343
       Headbutt          |     5 |    24 |    65 |    97 |   199 |   260 |   218 |   298 |   221 ||  1387
       Battleaxe         |       |       |    64 |   361 |  1024 |   601 |       |       |       ||  2050
       Dire flail        |       |       |       |    22 |    20 |       |       |       |       ||    42
       Executioner's axe |       |       |       |       |       |   577 |   901 |   971 |   683 ||  3132
Throw: Throwing net      |       |     1 |       |       |     1 |     1 |       |       |       ||     3
Invok: Berserk           |       |       |     4 |     4 |     4 |     6 |     4 |     9 |       ||    31
       Trog's Hand       |       |       |       |     1 |     5 |     4 |     6 |     2 |     3 ||    21
       Brothers in Arms  |       |       |       |       |     1 |     1 |       |     1 |       ||     3
  Use: Scroll            |       |     6 |     2 |     4 |    11 |    18 |     5 |    11 |     1 ||    58
       Potion            |       |       |       |     2 |     3 |     2 |       |       |     8 ||    15
 Stab: Held in net/web   |       |       |       |       |     2 |       |       |       |       ||     2
       Distracted        |       |       |       |       |       |       |       |     1 |       ||     1
       Sleeping          |       |       |       |       |       |       |       |       |     1 ||     1
  Eat: Chunk             |       |     9 |    10 |    14 |    40 |    17 |    21 |     5 |     2 ||   118
       Ration            |       |       |     1 |     3 |     1 |     9 |     2 |    12 |     4 ||    32
Armor: Animal skin       |     7 |     4 |       |       |       |       |       |       |       ||    11
       Chain mail        |       |    29 |    45 |       |       |       |       |       |       ||    74
       Gold dragon scale |       |       |    29 |   300 |   749 |   860 |   729 |   831 |   409 ||  3907
       Plate armour      |       |       |    18 |       |       |       |       |       |       ||    18
Dodge: Dodged            |    32 |    39 |    92 |   117 |   329 |   328 |   315 |   478 |   545 ||  2275
